 Dungeon Crawl Stone Soup version 0.29.1-2-gbd0b4ee654 (webtiles) character file.

Game seed: 5080030580667088505

229 MisterFreud the Twirler (level 6, -1/44 HPs)
             Began as a Formicid Gladiator on Oct 25, 2022.
             Slain by a gnoll sergeant
             ... wielding a +0 spear
              (8 damage)
             ... on level 5 of the Dungeon.
             The game lasted 00:03:02 (4052 turns).

MisterFreud the Twirler (Formicid Gladiator)        Turns: 4052, Time: 00:03:02

Health: -1/44      AC:  4    Str: 27    XL:     6   Next: 23%
Magic:  6/6        EV: 11    Int:  7    God:
Gold:   178        SH:  9    Dex: 15    Spells: 5/5 levels left

rFire   . . .      SeeInvis +   a - +1 quarterstaff
rCold   . . .      Faith    .   i - +0 kite shield
rNeg    . . .      Spirit   .   b - +0 leather armour
rPois   .          Reflect  .   (helmet unavailable)
rElec   .          Harm     .   (no cloak)
rCorr   .          Rampage  .   (no gloves)
Will    .....                   o - +0 pair of boots
Stlth   +.........              (no amulet)
HPRegen 0.14/turn               r - +6 ring of strength
MPRegen 0.10/turn               (no ring)

@: no status effects
A: permanent stasis, dig shafts and tunnels, antennae 3, four strong arms
a: Dig, Shaft Self


You were on level 5 of the Dungeon.
You visited 1 branch of the dungeon, and saw 5 of its levels.

You collected 178 gold pieces.

Inventory:

Hand Weapons
 a - a +1 quarterstaff (weapon)
Missiles
 c - 3 throwing nets (quivered)
 d - a javelin
Armour
 b - a +0 leather armour (worn)
 i - a +0 kite shield (worn)
 o - a +0 pair of boots (worn)
Jewellery
 r - a +6 ring of strength (left hand)
Scrolls
 g - 4 scrolls of poison
 m - a scroll of fear
 n - a scroll of silence
Potions
 e - 2 potions of heal wounds
 f - a potion of might
 h - 2 potions of flight
 j - a potion of haste
 k - 7 potions of curing
 l - a potion of attraction {unknown}
 p - 2 potions of ambrosia


   Skills:
 - Level 2.1 Fighting
 + Level 5.3 Staves
 - Level 2.0 Throwing
 - Level 2.6 Dodging
 + Level 4.6 Shields


You had 5 spell levels left.
You didn't know any spells.
Your spell library contained the following spells:

 Spells                   Type           Power      Damage    Failure   Level
 Frozen Ramparts          Ice            0%         1d1       98%         3
 Ice Form                 Ice/Tmut       0%         N/A       100%        4
 Summon Ice Beast         Ice/Summ       0%         N/A       100%        4
 Fireball                 Conj/Fire      0%         3d3       100%        5
 Iskenderun's Battlesphe  Conj           0%         2d6       100%        5
 Conjure Ball Lightning   Conj/Air       0%         3x3d6     100%        6
 Orb of Destruction       Conj           0%         9d5       100%        7


Dungeon Overview and Level Annotations

Branches:
Dungeon (5/15)
 Temple: D:4-7

Altars:
Gozag
Trog

Annotations:
D:3 1 runed translucent door, p0werm0de's ghost, amateur OpMo


Innate Abilities, Weirdness & Mutations

You cannot be hasted, slowed, berserked, paralysed or teleported.
You can dig through walls and to a lower floor.
You have a pair of large antennae on your head. (SInv)
Your four strong arms can wield two-handed weapons with a shield.


Message History

The gnoll sergeant is moderately wounded.
The gnoll sergeant misses you.
You closely miss the gnoll sergeant.
The gnoll sergeant is moderately wounded.
You block the gnoll sergeant's attack.
You barely miss the gnoll sergeant.
The gnoll sergeant is moderately wounded.
You block the gnoll sergeant's attack.
You hit the gnoll sergeant.
The gnoll sergeant is moderately wounded.
The gnoll sergeant hits you with a +0 spear!
You barely miss the gnoll sergeant.
The gnoll sergeant is moderately wounded.
The gnoll sergeant closely misses you. You block the gnoll sergeant's attack.
You hit the gnoll sergeant but do no damage.
The gnoll sergeant is moderately wounded.
The gnoll sergeant closely misses you.
You hit the gnoll sergeant.
The gnoll sergeant is heavily wounded.
You block the gnoll sergeant's attack.
You hit the gnoll sergeant.
The gnoll sergeant is severely wounded.
You block the gnoll sergeant's attack.
You barely miss the gnoll sergeant.
The gnoll sergeant is severely wounded.
You block the gnoll sergeant's attack.
You barely miss the gnoll sergeant.
The gnoll sergeant is severely wounded.
The gnoll sergeant hits you with a +0 spear.
You hit the gnoll sergeant.
The gnoll sergeant is severely wounded.
You block the gnoll sergeant's attack.
You sock the gnoll sergeant!
The gnoll sergeant is almost dead.
The gnoll sergeant hits you with a +0 spear!
* * * LOW HITPOINT WARNING * * *
You barely miss the gnoll sergeant.
The gnoll sergeant is almost dead.
The gnoll sergeant hits you with a +0 spear!
You die...

#.# #.##
#.#####..#######
#......<........
########?######. ##
#.# <. ######>#
#.####...##.######
{
#gg@....†.........
#.####...##.######.
#. ######.# {# #.#
#.# #.# #.. [.


You could see a gnoll sergeant and a gnoll.

Vanquished Creatures
  A scorpion (D:4)
  An iguana (D:4)
  A gnoll (D:5)
  7 adders
  A white imp (D:4)
  An ufetubus (D:4)
  A dart slug (D:1)
  An orc (D:4)
  3 ball pythons
  5 endoplasms
  2 giant cockroaches
  5 goblins
  6 hobgoblins
  2 jackals (D:2)
  4 quokkas
  6 bats
  4 frilled lizards
  5 kobolds
  3 rats
59 creatures vanquished.

Notes
Turn   | Place    | Note
-------+----------+-------------------------------------------
     0 | D:1      | MisterFreud the Formicid Gladiator began the quest for the
                  | Orb.
     0 | D:1      | Reached XP level 1. HP: 16/16 MP: 1/1
   117 | D:1      | Reached XP level 2. HP: 19/22 MP: 2/2
   625 | D:1      | Reached XP level 3. HP: 27/27 MP: 3/3
   658 | D:1      | Reached skill level 1 in Shields
  1026 | D:2      | Reached skill level 4 in Staves
  1249 | D:2      | Identified the +0 leather armour "Boigick" {rF+ rC- MP+9}
  1369 | D:2      | Reached XP level 4. HP: 25/33 MP: 4/4
  1796 | D:2      | Found a faded altar of an unknown god.
  2098 | D:3      | Found a runed translucent door.
  2098 | D:3      | Noticed p0werm0de's ghost (amateur OpMo)
  2275 | D:3      | Found an opulent altar of Gozag.
  2321 | D:3      | Found a bloodstained altar of Trog.
  2454 | D:3      | Reached XP level 5. HP: 37/38 MP: 5/5
  3414 | D:4      | Reached skill level 5 in Staves
  3414 | D:4      | Reached XP level 6. HP: 21/44 MP: 6/6
  3984 | D:5      | Entered Level 5 of the Dungeon
  4052 | D:5      | Slain by a gnoll sergeant

Illustrated notes

Levels and vault maps discovered:
D:1:      doesnt_arrival_eight_statues, layout_basic
D:2:      layout_loops_corners, hellmonk_ecumenical_altar_crossroads
D:3:      layout_loops_cross, mainiacjoe_overflow_alcove_1,
          nicolae_gozag_cash_rules_everything_around_me,
          hellmonk_ghost_happy_afterlife, grunt_ministairs_6,
          nicolae_elevator_lobby_asterisk
D:4:      layout_basic, chequers_garden
D:5:      layout_loops_ring, temple_hall_moat

Skill      XL: |  1  2  3  4  5 |
---------------+----------------+-----
Shields        | 2 3 4 |  4.6
Staves         | 4 5 |  5.3
Fighting       | |  2.1
Throwing       | |  2.0
Dodging        | |  2.6

Action                   |  1- 3 |  4- 6 || total
-------------------------+-------+-------++-------
Melee: Quarterstaff      |    73 |   109 ||   182
  Use: Scroll            |       |    17 ||    17
 Stab: Sleeping          |     1 |     2 ||     3
Armor: Leather armour    |    15 |    22 ||    37
Dodge: Dodged            |    37 |    43 ||    80
Block: Kite shield       |    20 |    62 ||    82
